 Dungeon Crawl Stone Soup version 0.31-a0-845-g9abc20d24f (webtiles) character file.

Game seed: 4829690573725624921

386 CrazyBamboolord the Grave Robber (level 6, -5/30 HPs)
             Began as a Vine Stalker Necromancer on Oct 3, 2023.
             Slain by an ogre
             ... wielding a +0 giant spiked club
              (14 damage)
             ... on level 4 of the Dungeon.
             The game lasted 00:06:40 (3763 turns).

CrazyBamboolord the Grave Robber (VSNe)             Turns: 3763, Time: 00:06:40

Health: -5/30      AC:  3    Str: 10    XL:     6   Next: 78%
Magic:  0/13       EV: 12    Int: 17    God:
Gold:   251        SH:  5    Dex: 15    Spells: 9/13 levels left

rFire   . . .        q - +2 dagger (flame)
rCold   . . .        (no shield)
rNeg    . . .        a - +0 robe
rPois   .            (no helmet)
rElec   .            (no cloak)
rCorr   .            (no gloves)
SInv    .            g - +0 pair of boots
Will    .....        s - amulet of reflection
Stlth   +++          o - ring of flight
HPRegen 1.05/turn    (no ring)
MPRegen 0.13/turn

%: reflection, guardian spirit
@: flying
A: fangs 2, regeneration 1, magic shield, antimagic bite, no potion heal 2
a: no special abilities


You were on level 4 of the Dungeon.
You visited 1 branch of the dungeon, and saw 4 of its levels.

You collected 251 gold pieces.

Inventory:

Hand Weapons
 q - a +2 dagger of flaming (weapon)
Missiles
 r - a throwing net
Armour
 a - a +0 robe (worn)
 g - a +0 pair of boots (worn)
Jewellery
 o - a ring of flight (left hand)
 s - an amulet of reflection (around neck)
Scrolls
 c - a scroll of brand weapon
 d - a scroll of blinking {unknown}
 e - a scroll of revelation {unknown}
 f - 2 scrolls of teleportation
 l - a scroll of enchant armour {unknown}
 n - a scroll of fear {unknown}
 p - a scroll of enchant weapon {unknown}
Potions
 b - a potion of ambrosia {unknown}
 h - 3 potions of brilliance
 i - a potion of haste {unknown}
 j - a potion of enlightenment {unknown}
 k - a potion of lignification {unknown}
 m - a potion of mutation {unknown}


   Skills:
 + Level 1.8 Fighting
 + Level 2.4 Dodging
 * Level 4.9 Stealth
 * Level 4.0 Spellcasting
 * Level 5.2 Necromancy


You had 9 spell levels left.
You knew the following spells:

 Your Spells              Type           Power      Damage    Failure   Level
a - Necrotise             Necr           84%        1d8       1%          1
b - Vampiric Draining     Necr           21%        2d7       5%          3

Your spell library contained the following spells:

 Spells                   Type           Power      Damage    Failure   Level
 Animate Dead             Necr           21%        N/A       19%         4
 Agony                    Necr           21%        N/A       45%         5


Dungeon Overview and Level Annotations

Branches:
Dungeon (4/15)             Temple (0/1) D:4

Altars:
Cheibriados
Gozag
Hepliaklqana
Ru
Xom

Shops:
D:4 :


Innate Abilities, Weirdness & Mutations

You have extremely sharp teeth.
Your natural rate of healing is unusually fast.
When hurt, damage is shared between your health and your magic reserves.
Your bite disrupts and absorbs the magic of your enemies.
Potions cannot restore your health.


Message History

Your hound skeleton crumbles into dust!
Found a stone staircase leading down.
s - an amulet of reflection You start putting on your amulet.
You continue putting on your amulet of reflection. x5
You finish putting on your amulet of reflection.
You feel a shielding aura gather around you.
s - an amulet of reflection (around neck)
You reach down and open the door.
There is an open door here.
A black bear comes into view.
A black bear is nearby!
Found 6 poisoned darts.
The black bear growls angrily.
There is a fountain of clear blue water here.
The black bear writhes in agony!
The black bear bites you. The black bear claws you.
The black bear closely misses you.
The black bear writhes in agony.
The black bear closely misses you. The black bear claws you.
The black bear closely misses you.
The black bear writhes in agony!
The black bear completely misses you. You block the black bear's attack.
The black bear claws you but does no damage.
The black bear writhes in agony!
The black bear goes berserk!
The black bear writhes in agony!
You kill the black bear!
The dead are walking!
An ogre comes into view. It is wielding a +0 giant spiked club.
Your Spellcasting skill increases to level 4!
The ogre writhes in agony.
The ogre writhes in agony.
The ogre writhes in agony.
The ogre writhes in agony.
The ogre hits you with a +0 giant spiked club!!
Ouch! That really hurt!
* * * LOW HITPOINT WARNING * * *
You hit the ogre but do no damage. You bite the ogre. You drain its power.
You feel invigorated.
The ogre is heavily wounded.
The ogre hits you with a +0 giant spiked club!!
You die...

##########
######.........
.......'##########+
########..........#
# #.......Z..# #
#..⌠♣♣♣♣O..# #..♣♣
♣♣@.# #..♣ ♣..#
#..♣ ♣..# #..♣ ♣..#
#..⌠ ⌠.(# ...# ...#
####+


You could see an ogre (ally target) and a friendly black bear skeleton.

Vanquished Creatures
  A black bear (D:4)
  2 hounds (D:4)
  An orc wizard (D:4)
  7 gnolls
  5 adders
  A worm (D:2)
  2 dart slugs
  2 orcs (D:3)
  9 endoplasms
  5 giant cockroaches
  4 hobgoblins
  6 jackals
  2 quokkas
  9 ball pythons
  12 bats
  8 frilled lizards
  9 goblins
  5 kobolds
  6 rats
96 creatures vanquished.

Vanquished Creatures (collateral kills)
  2 endoplasms
  A kobold (D:2)
  A quokka (D:2)
4 creatures vanquished.

Grand Total: 100 creatures vanquished

Notes
Turn   | Place    | Note
-------+----------+-------------------------------------------
     0 | D:1      | CrazyBamboolord the Vine Stalker Necromancer began the
                  | quest for the Orb.
     0 | D:1      | Reached XP level 1. HP: 9/9 MP: 4/4
   117 | D:1      | Reached XP level 2. HP: 13/13 MP: 1/6
   730 | D:1      | Reached XP level 3. HP: 17/17 MP: 3/7
   738 | D:1      | Learned a level 3 spell: Vampiric Draining
  1703 | D:2      | Reached XP level 4. HP: 21/21 MP: 1/9
  1820 | D:2      | Reached skill level 1 in Fighting
  2172 | D:2      | HP: 1/22 [gnoll/+0 whip (4)]
  2401 | D:3      | Found a hazy altar of Hepliaklqana.
  2425 | D:3      | Reached XP level 5. HP: 25/25 MP: 6/10
  3174 | D:4      | Found a sacrificial altar of Ru.
  3254 | D:4      | Found a snail-covered altar of Cheibriados.
  3414 | D:4      | Reached XP level 6. HP: 30/30 MP: 12/12
  3425 | D:4      | Found a shimmering altar of Xom.
  3455 | D:4      | Found an opulent altar of Gozag.
  3594 | D:4      | Found Afil's Vocational Training.
  3600 | D:4      | Reached skill level 5 in Necromancy
  3618 | D:4      | Found a staircase to the Ecumenical Temple.
  3750 | D:4      | Noticed a black bear
  3757 | D:4      | Killed a black bear
  3763 | D:4      | Slain by an ogre

Illustrated notes

Levels and vault maps discovered:
D:1:      spicycebolla_arrival_ecumenical, layout_loops_ring
D:2:      layout_basic
D:3:      minmay_chambers_of_threes, layout_rooms,
          mainiacjoe_overflow_cross_hatched, minmay_cut_off
D:4:      layout_loops_cross, nicolae_ru_great_annihilating_truth,
          lemuel_round_altar, grunt_temple_overflow_open,
          minmay_temple_entry_from_below_a, kennysheep_pointless_box,
          nicolae_shop_vocational

Skill      XL: |  1  2  3  4  5  6 |
---------------+-------------------+-----
Stealth        | 3 4 |  4.9
Fighting       | 1 |  1.8
Spellcasting   | 3 4 |  4.0
Dodging        | 2 |  2.4
Necromancy     | 5 |  5.2

Action                     |  1- 3 |  4- 6 || total
---------------------------+-------+-------++-------
  Melee: Unarmed           |     3 |       ||     3
         Bite              |     3 |     5 ||     8
         Dagger            |    10 |    33 ||    43
   Cast: Necrotise         |    71 |   102 ||   173
         Vampiric Draining |       |     1 ||     1
    Use: Scroll            |       |     3 ||     3
         Potion            |       |     1 ||     1
   Stab: Sleeping          |     5 |     7 ||    12
         Distracted        |     1 |       ||     1
 Armour: Robe              |    17 |    57 ||    74
  Dodge: Dodged            |    27 |    67 ||    94
  Block: Other             |       |     1 ||     1

Table legend: (Time is in decaauts)
 A = Elapsed time spent in this place.
 B = Non-inter-level travel time spent in this place.
 C = Inter-level travel time spent in this place.
 D = Time resting spent in this place.
 E = Time spent auto-exploring this place.
 F = Levels seen in this place.
 G = Mean time per level.
                   A        B        C        D        E       F      G
               +--------+--------+--------+--------+--------+-----+--------+
         Total |   3765 |   3619 |    146 |    278 |   2690 |   4 |  941.2 |
       Dungeon |   3765 |   3619 |    146 |    278 |   2690 |   4 |  941.2 |
               +--------+--------+--------+--------+--------+-----+--------+

Top non-repeatable levels by time:
     D:1: 1255 daAuts
     D:2: 1074 daAuts
     D:3: 806 daAuts
     D:4: 630 daAuts
